AoeStats
← 游先生的游戏机

Arabia

509540694Analyzed
1v1 RM · 4d ago on Sep 27, 2026· 21m 6s· 2 players
Game mode
Random Map
Map size
Tiny (2 player)
Population
200
Speed
Normal
Resources
Standard
Victory
Conquest
Starting age
Dark Age
Ending age
Imperial Age
RankedLock teamsTeams togetherTeam positionsShared explorationLock speedFull tech treeHidden civsTurbo modeCheats
Victory
Defeat
🇨🇴 Ethiopians · Colombia
858
+15
🇨🇳 Slavs · China
832
-15
游先生的游戏机
2:32 Loom
10:20 Feudal Age
12:12 Wheelbarrow
11:28 Double-Bit Axe
11:25 Horse Collar
13:56 Gold Mining
18:14 Bloodlines
19:10 Forging
19:06 Scale Barding Armor
19:06 Man-at-Arms
itan9404
7:47 Loom
11:34 Feudal Age
13:38 Double-Bit Axe
15:16 Gold Mining
16:39 Fletching
21:08 Castle Age
19:48 Stone Mining
Connection lost

Rejoining the realm…

Still unreachable

The connection could not be restored.

Session expired

The server has moved on; the page needs a fresh start.